 Dungeon Crawl Stone Soup version 0.28-a0-1486-g8196b01e9b (console) character file.

Game seed: 2644115267768940635

1039 Banquo the Magician (level 8, -2/56 HPs)
             Began as a Djinni Cinder Acolyte on Jan 12, 2022.
             Was a High Priest of Ignis.
             Slain by Duvessa (12 damage)
             ... on level 5 of the Dungeon.
             The game lasted 00:15:17 (6409 turns).

Banquo the Magician (Djinni Cinder Acolyte)         Turns: 6409, Time: 00:15:18

Health: -2/56      AC:  4    Str: 13    XL:     8   Next: 49%
Gold:   165        EV: 15    Int: 17    God:    Ignis [*****.] SH:  0 Dex: 10

rFire   + + +      SeeInvis .   a - +2 dagger (venom)
rCold   . . .      Faith    .   (no shield)
rNeg    . . .      Spirit   .   d - +1 robe
rPois   ∞          Reflect  .   (no helmet)
rElec   .          Harm     .   (no cloak)
rCorr   .          Rampage  .   g - +0 pair of gloves
Will    .....                   (boots unavailable)
Stlth   +.........              (no amulet)
HPRegen 0.18/turn               z - +4 ring of evasion
MPRegen 0.00/turn               t - ring of protection from cold

@: flying
A: sickness immunity, fire resistance 2, cold vulnerability 1, float, innate
caster, hp casting, extra vitality 1
a: Renounce Religion, Fiery Armour, Foxfire Swarm, Rising Flame


You were on level 5 of the Dungeon.
You worshipped Ignis.
Ignis was extremely pleased with you.
You visited 1 branch of the dungeon, and saw 5 of its levels.

You collected 220 gold pieces.
You spent 55 gold pieces at shops.

Inventory:

Hand Weapons
 a - a +2 dagger of venom (weapon)
 b - a +0 short sword of flaming
 j - a +0 spear
 p - a +0 short sword
 q - a +0 falchion
 v - a +0 trident
Missiles
 f - 5 datura-tipped darts
 l - 12 poisoned darts
 w - 158 stones
Armour
 d - a +1 robe (worn)
 g - a +0 pair of gloves (worn)
 A - an orb of mayhem
Magical Staves
 s - a staff of air
Jewellery
 t - a ring of protection from cold (right hand)
 z - a +4 ring of evasion (left hand)
Scrolls
 i - a scroll of fear
 k - 2 scrolls of teleportation
 x - a scroll of enchant armour
 y - a scroll of identify
Potions
 c - a potion of haste
 e - 2 potions of might {unknown}
 h - a potion of berserk rage
 m - a potion of lignification
 n - a potion of curing {unknown}
 o - 2 potions of cancellation {unknown}
 r - 2 potions of degeneration {unknown}
 u - a potion of heal wounds {unknown}
 B - a potion of attraction {unknown}


   Skills:
 * Level 3.5 Fighting
 * Level 3.2 Short Blades
 * Level 1.2 Dodging
 + Level 7.2 Spellcasting


You had 13 spell levels left.
You knew the following spells:

 Your Spells              Type           Power      Damage    Failure   Level
a - Scorch                Fire           60%        2d8       1%          2
b - Sting                 Tmut/Pois      100%       1d8       1%          1
i - Call Imp              Summ           30%        N/A       1%          2
o - Ozocubu's Armour      Ice            30%        N/A       1%          3
Your spell library was empty.

Dungeon Overview and Level Annotations

Branches:
Dungeon (5/15)
 Temple: D:4-7

Altars:

Shops:
D:2 ?

Annotations:
D:5 Dowan, Duvessa


Innate Abilities, Weirdness & Mutations

You are immune to sickness and miasma.
You are immune to poison.
Your flesh is very heat resistant. (rF++)
You are vulnerable to cold. (rC-)
You float through the air rather than walking.
You learn spells naturally, not from books.
Your magical power is your life essence.
You have superior vitality. (+4 MHP)


Message History

Casting: Scorch (safe; 1% risk of failure)
Confirm with . or Enter, or press ? or * to list all spells.
You can't see any susceptible monsters within range! (Use Z to cast anyway.)
There is a stone staircase leading down here.
Casting: Scorch (safe; 1% risk of failure)
Confirm with . or Enter, or press ? or * to list all spells.
You can't see any susceptible monsters within range! (Use Z to cast anyway.)
Casting: Scorch (safe; 1% risk of failure)
Confirm with . or Enter, or press ? or * to list all spells.
Flames lash Duvessa.
Duvessa is moderately wounded.
Duvessa's fire resistance burns away.
Casting: Scorch (safe; 1% risk of failure)
Confirm with . or Enter, or press ? or * to list all spells.
Flames lash Duvessa.
Duvessa is burned terribly!
Duvessa is severely wounded.
Duvessa hits you with a +0 rapier of speed.
Duvessa misses you.
Duvessa hits you with a +0 rapier of speed.
Casting: Scorch (safe; 1% risk of failure)
Confirm with . or Enter, or press ? or * to list all spells.
Flames lash Duvessa but do no damage.
Duvessa misses you. Dowan casts a spell at you. The puff of frost hits you!
Duvessa hits you with a +0 rapier of speed.
Dowan points at you and mumbles some strange words.
The puff of frost hits you!
Duvessa hits you with a +0 rapier of speed.
Unknown command.
Casting: Scorch (safe; 1% risk of failure)
Confirm with . or Enter, or press ? or * to list all spells.
Flames lash Duvessa but do no damage.
* * * LOW HITPOINT WARNING * * *
Duvessa closely misses you.
Dowan points at you and mumbles some strange words.
The puff of frost misses you.
Duvessa hits you with a +0 rapier of speed.
* * * LOW HITPOINT WARNING * * *
Duvessa hits you with a +0 rapier of speed!
You die...

....###..# ##...# .##.# #..##
#...# .##.###...###.#.#
##......#.##..#.#### #
#....####..#.##.##.## ## #.#.##
##...##..#..## ##. #.#.#
##..###...e.### #.. #...#
#.......>#...# #..
#..########.....@e####.# #..
#..###........##### #.## #..
#..##........## #.e### #5#
.[.#..........# ##...## #.
..............### ######..# #
................# #.....#...#
...#.....)....#.####.....##..#
...#..........#................
...##........#######.............


You could see Duvessa (combustible) and Dowan.

Vanquished Creatures
  Grinder (D:5)
  Sigmund (D:2)
  2 ogres (D:4)
  A scorpion (D:4)
  A bullfrog zombie (D:5)
  A centaur skeleton (D:4)
  A centaur zombie (D:5)
  A hound (D:5)
  A jelly (D:5)
  An orc priest (D:3)
  Jessica (D:2)
  An iguana (D:4)
  An orc wizard (D:5)
  3 gnolls (D:4)
  8 adders
  A shadow imp (D:5)
  An adder skeleton (D:4)
  4 dart slugs
  8 orcs
  8 endoplasms
  2 giant cockroaches
  7 goblins
  7 hobgoblins
  6 kobolds
  2 quokkas (D:2)
  8 ball pythons
  5 bats
  2 frilled lizards
  3 rats
89 creatures vanquished.

Notes
Turn   | Place    | Note
-------+----------+-------------------------------------------
     0 | D:1      | Banquo the Djinni Cinder Acolyte began the quest for the
                  | Orb.
     0 | D:1      | Reached XP level 1. HP: 20/20 MP: 0/0
    45 | D:1      | Found a faded altar of an unknown god.
   259 | D:1      | Reached XP level 2. HP: 10/25 MP: 0/0
  1438 | D:2      | Noticed Jessica
  1490 | D:2      | Reached XP level 3. HP: 15/30 MP: 0/0
  1490 | D:2      | Learned a level 1 spell: Sting
  1905 | D:2      | Found Xyqoom's Magic Scroll Emporium.
  1913 | D:2      | Bought a scroll of identify for 22 gold pieces
  1913 | D:2      | Bought a scroll of teleportation for 33 gold pieces
  2015 | D:2      | Noticed Sigmund
  2042 | D:2      | Reached skill level 3 in Spellcasting
  2093 | D:2      | Killed Jessica
  2094 | D:2      | Reached XP level 4. HP: 33/35 MP: 0/0
  2377 | D:2      | Killed Sigmund
  2378 | D:2      | Reached skill level 4 in Spellcasting
  2378 | D:2      | Reached XP level 5. HP: 14/40 MP: 0/0
  2378 | D:2      | Learned a level 2 spell: Call Imp
  2378 | D:2      | Reached XP level 6. HP: 16/46 MP: 0/0
  2962 | D:3      | HP: 1/46 [orc (4)]
  3526 | D:3      | Reached skill level 5 in Spellcasting
  4140 | D:4      | Noticed an ogre
  4208 | D:4      | Noticed an ogre
  4214 | D:4      | Killed an ogre
  4215 | D:4      | Reached XP level 7. HP: 45/50 MP: 0/0
  4215 | D:4      | Learned a level 3 spell: Ozocubu's Armour
  4620 | D:4      | Reached skill level 1 in Dodging
  4620 | D:4      | Reached skill level 6 in Spellcasting
  5427 | D:5      | Entered Level 5 of the Dungeon
  5427 | D:5      | Noticed Duvessa
  5427 | D:5      | Noticed Dowan
  5427 | D:5      | Noticed Grinder
  5503 | D:5      | Reached XP level 8. HP: 30/56 MP: 0/0
  6250 | D:5      | Killed Grinder
  6251 | D:5      | Reached skill level 7 in Spellcasting
  6409 | D:5      | Slain by Duvessa

Illustrated notes

Levels and vault maps discovered:
D:1:      lightli_iron_boxes, layout_basic,
          hellmonk_ecumenical_altar_slurped_away
D:2:      layout_basic, serial_shops, shop, chequers_garden, grunt_ministairs_2,
          minmay_tree_intersection, nrook_mini_vaults, uniq_jessica,
          uniq_sigmund
D:3:      layout_basic
D:4:      layout_loops_ring
D:5:      kennysheep_big_flooded_room, layout_rooms, uniq_duvessa, uniq_grinder

Skill      XL: |  1  2  3  4  5  6  7  8 |
---------------+-------------------------+-----
Short Blades   | 3 |  3.2
Spellcasting   | 3 4 5 6 7 |  7.2
Dodging        | 1 |  1.2
Fighting       | |  3.5

Action                   |  1- 3 |  4- 6 |  7- 9 || total
-------------------------+-------+-------+-------++-------
Melee: Short sword       |    24 |       |     3 ||    27
 Cast: Scorch            |    24 |    54 |    68 ||   146
       Sting             |       |     1 |       ||     1
  Use: Scroll            |     1 |     7 |     1 ||     9
Armor: Robe              |     4 |     3 |    27 ||    34
Dodge: Dodged            |    13 |    14 |    40 ||    67

Table legend: (Time is in decaauts)
 A = Elapsed time spent in this place.
 B = Non-inter-level travel time spent in this place.
 C = Inter-level travel time spent in this place.
 D = Time resting spent in this place.
 E = Time spent auto-exploring this place.
 F = Levels seen in this place.
 G = Mean time per level.
                   A        B        C        D        E       F      G
               +--------+--------+--------+--------+--------+-----+--------+
         Total |   6415 |   5987 |    428 |   1806 |   3026 |   5 | 1283.0 |
       Dungeon |   6415 |   5987 |    428 |   1806 |   3026 |   5 | 1283.0 |
               +--------+--------+--------+--------+--------+-----+--------+

Top non-repeatable levels by time:
     D:1: 1645 daAuts
     D:4: 1488 daAuts
     D:2: 1455 daAuts
     D:3: 1045 daAuts
     D:5: 781 daAuts
